 Dungeon Crawl Stone Soup version 0.23.2-40-g277498a (webtiles) character file.

Game seed: 11267558990845868463

119 silentkaos13 the Caller (level 5, 0/29 HPs)
             Began as a Tengu Summoner on Oct 7, 2019.
             Killed by nerve-wracking pain
             ... invoked by an orc priest
              (14 damage)
             ... on level 3 of the Dungeon.
             The game lasted 00:07:59 (3096 turns).

silentkaos13 the Caller (Tengu Summoner)            Turns: 3096, Time: 00:08:00

Health: 0/29       AC:  4    Str:  9    XL:     5   Next: 3%
Magic:  9/9        EV: 15    Int: 16    God:
Gold:   134        SH:  0    Dex: 14    Spells: 2/8 levels left

rFire    . . .     SeeInvis .   j - +1 hunting sling (flame)
rCold    . . .     Gourm    .   (no shield)
rNeg     . . .     Faith    .   b - +0 leather armour
rPois    .         Spirit   .   (helmet restricted)
rElec    .         Reflect  .   (no cloak)
rCorr    .         Harm     .   g - +0 pair of gloves (curse)
MR       .....                  (boots unavailable)
Stlth    ++........             (no amulet)
HPRegen  0.09/turn              (no ring)
MPRegen  0.11/turn              (no ring)

@: flying quickly and evasively, quick
A: beak, talons 3, able to fly
a: Stop Flying


You were on level 3 of the Dungeon.
You were not hungry.

You visited 1 branch of the dungeon, and saw 3 of its levels.

You collected 134 gold pieces.

Inventory:

Hand Weapons
 d - a +0 whip
 j - a +1 hunting sling of flaming (weapon)
Missiles
 k - 40 stones (quivered)
 o - 24 sling bullets
Armour
 a - a +0 robe
 b - a +0 leather armour (worn)
 g - a cursed +0 pair of gloves (worn)
Scrolls
 e - a scroll of identify {unknown}
 h - a scroll of remove curse {unknown}
 i - a scroll of noise {unknown}
 l - a scroll of blinking {unknown}
 m - a scroll of teleportation {unknown}
 p - a scroll of fog {unknown}
Potions
 f - a potion of curing {unknown}
 n - a potion of haste
 q - a potion of flight {unknown}
Comestibles
 c - 3 rations


   Skills:
 + Level 1.1 Fighting
 - Level 0.2 Maces & Flails
 + Level 1.8 Armour
 + Level 2.7 Dodging
 + Level 2.4 Stealth
 + Level 2.4 Spellcasting
 + Level 5.9 Summonings


You had 2 spell levels left.
You knew the following spells:

 Your Spells              Type           Power        Failure   Level  Hunger
a - Summon Small Mammal   Summ           ###.         2%          1    #......
b - Call Imp              Summ           ###.....     3%          2    ###....
c - Call Canine Familiar  Summ           ###.....     7%          3    ###....

Your spell library contained the following spells:

 Spells                   Type           Power        Failure   Level  Hunger
 Animate Skeleton         Necr           N/A          26%         1    #......
 Pain                     Necr           #...         26%         1    #......
 Summon Guardian Golem    Hex/Summ       ##......     24%         3    ###....
 Regeneration             Chrm/Necr      #.........   63%         3    ###....
 Vampiric Draining        Necr           #.........   63%         3    ###....
 Summon Ice Beast         Ice/Summ       ##......     63%         4    #####..
 Summon Lightning Spire   Summ/Air       ##......     63%         4    #####..
 Animate Dead             Necr           N/A          95%         4    #####..


Dungeon Overview and Level Annotations

Branches:
Dungeon (3/15)

Altars:
Okawaru
Ru


Innate Abilities, Weirdness & Mutations

You have a beak for a mouth.
You have claws for feet.
You can fly continuously.


Message History

Aim: an orc priest, wielding a +0 whip and wearing a +0 leather armour (lightly wounded)
You shoot a stone.
The stone closely misses the orc priest.
The orc priest calls down the wrath of Beogh upon you.
Beogh smites you!
Ouch! That really hurt!
Firing (i - inventory. (/) - cycle)
k - 42 stones (quivered)
Press: ? - help, Shift-Dir - straight line, f/p - orc priest
Aim: an orc priest, wielding a +0 whip and wearing a +0 leather armour (lightly wounded)
You shoot a stone. The stone hits the orc priest.
The stone burns the orc priest.
The orc priest is heavily wounded.
Firing (i - inventory. (/) - cycle)
k - 41 stones (quivered)
Press: ? - help, Shift-Dir - straight line, f/p - orc priest
Aim: an orc priest, wielding a +0 whip and wearing a +0 leather armour (heavily wounded)
You shoot a stone.
The stone closely misses the orc priest.
The orc priest calls down the wrath of Beogh upon you.
Pain shoots through your body!
You die...

#h#>#...# #.#.#...#
#.#.#... ## #.#.#...######
.### #.#.#......... ...#
#.#.#........
...#####.#.#......#####(#
...8##...#.##.......o(.(#(
...##...........@.....($)(
...##....#####..#.#####...
...###..........#.#
...8##...#####..#.#
...######## #..#.#
...##8###8####..#.#
............##..#o#
................#..
............##..###


You could see an orc priest and an orc.

Vanquished Creatures
  Robin (D:2)
  A gnoll (D:1)
  2 adders
  2 leopard geckos
  An orc (D:3)
  5 bats
  2 giant cockroaches (D:2)
  12 goblins
  4 hobgoblins
  5 jackals (D:2)
  A quokka (D:2)
  2 frilled lizards (D:2)
  5 kobolds
  6 rats
49 creatures vanquished.

Vanquished Creatures (collateral kills)
  2 gnolls (D:2)
  An adder (D:3)
  An orc (D:3)
  6 goblins (D:2)
  2 hobgoblins
  A jackal (D:2)
  2 quokkas (D:3)
  A frilled lizard (D:3)
16 creatures vanquished.

Grand Total: 65 creatures vanquished

Notes
Turn   | Place    | Note
-------+----------+-------------------------------------------
     0 | D:1      | silentkaos13 the Tengu Summoner began the quest for the
                  | Orb.
     0 | D:1      | Reached XP level 1. HP: 10/10 MP: 4/4
    68 | D:1      | Reached skill level 5 in Summonings
   359 | D:1      | Reached XP level 2. HP: 15/15 MP: 1/6
   363 | D:1      | Learned a level 2 spell: Call Imp
   890 | D:2      | Noticed Robin
   891 | D:2      | Reached XP level 3. HP: 17/19 MP: 2/7
   913 | D:2      | Killed Robin
   913 | D:2      | Reached skill level 1 in Armour
  1063 | D:2      | Reached XP level 4. HP: 21/24 MP: 4/8
  1072 | D:2      | Learned a level 3 spell: Call Canine Familiar
  1222 | D:2      | Found a sacrificial altar of Ru.
  1543 | D:2      | Found an iron altar of Okawaru.
  2203 | D:3      | Reached skill level 1 in Fighting
  2488 | D:3      | Gained mutation: You can fly continuously. [Tengu growth]
  2488 | D:3      | Reached XP level 5. HP: 28/29 MP: 9/9
  3096 | D:3      | Killed from afar by an orc priest

Skill      XL: |  1  2  3  4 |
---------------+-------------+-----
Summonings     | 5 |  5.9
Armour         | 1 |  1.8
Fighting       | 1 |  1.1
Maces & Flails | |  0.2
Dodging        | |  2.7
Stealth        | |  2.4
Spellcasting   | |  2.4

Action                   |  1- 3 |  4- 6 || total
-------------------------+-------+-------++-------
Melee: Whip              |    61 |    15 ||    76
       Kick              |    12 |     3 ||    15
       Peck              |     5 |     3 ||     8
 Fire: Hunting sling     |       |    63 ||    63
 Cast: Summon Small Mamm |     3 |       ||     3
       Call Imp          |     7 |     2 ||     9
       Call Canine Famil |       |     3 ||     3
 Abil: Fly               |       |     1 ||     1
  Use: Potion            |       |     1 ||     1
 Stab: Sleeping          |       |     1 ||     1
  Eat: Chunk             |     1 |     5 ||     6
       Ration            |       |     1 ||     1
Armor: Leather armour    |    12 |     8 ||    20
Dodge: Dodged            |    39 |    27 ||    66
